 Dungeon Crawl Stone Soup version 0.31-a0-983-g7b6862f502 (webtiles) character file.

Game seed: 17679764110139576566

18 Sabo the Trooper (level 2, 0/24 HPs)
             Began as a Demonspawn Fighter on Nov 2, 2023.
             Slain by a kobold
             ... wielding a +0 short sword
              (3 damage)
             ... on level 1 of the Dungeon.
             The game lasted 00:02:47 (594 turns).

Sabo the Trooper (Demonspawn Fighter)                Turns: 594, Time: 00:02:47

Health: 0/24       AC:  6    Str: 16    XL:     2   Next: 48%
Magic:  2/2        EV:  8    Int:  9    God:
Gold:   30         SH:  4    Dex: 12    Spells: 1/1 levels left

rFire   . . .        a - +0 war axe
rCold   . . .        c - +0 buckler
rNeg    . . .        b - +0 scale mail
rPois   .            (no helmet)
rElec   .            (no cloak)
rCorr   .            (no gloves)
SInv    .            (no boots)
Will    .....        (no amulet) Stlth
                     (no ring)
HPRegen 0.24/turn    (no ring)
MPRegen 0.08/turn

%: no passive effects
@: no status effects
A: powered by pain 1
a: no special abilities


You were on level 1 of the Dungeon.
You visited 1 branch of the dungeon, and saw 1 of its levels.

You collected 30 gold pieces.

Inventory:

Hand Weapons
 a - a +0 war axe (weapon)
 e - a +0 sling
Missiles
 g - 5 boomerangs
Armour
 b - a +0 scale mail (worn)
 c - a +0 buckler (worn)
Scrolls
 f - a scroll of enchant armour {unknown}
 h - a scroll of vulnerability {unknown}
 i - a scroll of identify {unknown}
 j - a scroll of enchant weapon {unknown}
Potions
 d - a potion of might


   Skills:
 + Level 3.1 Fighting
 + Level 2.0 Axes
 + Level 3.0 Armour
 + Level 3.0 Shields


You had one spell level left.
You didn't know any spells.
Your spell library was empty.

Dungeon Overview and Level Annotations

Branches:
Dungeon (1/15)

Altars:


Innate Abilities, Weirdness & Mutations

You sometimes gain a little power by taking damage.


Message History

The kobold hits you with a +0 short sword.
You barely miss the kobold.
The kobold is moderately wounded.
You closely miss the kobold. You block the kobold's attack.
The kobold hits you with a +0 dagger. The frilled lizard bites you.
The kobold hits you with a +0 short sword.
* * * LOW HITPOINT WARNING * * *
The kobold hits you but does no damage.
The frilled lizard attacks as it pursues you!
The frilled lizard bites you but does no damage.
You hit the frilled lizard.
The frilled lizard is heavily wounded.
You slash the kobold!
You kill the kobold!
You barely miss the frilled lizard. The frilled lizard bites you.
* * * LOW HITPOINT WARNING * * *
The frilled lizard bites you.
* * * LOW HITPOINT WARNING * * *
The frilled lizard closely misses you.
Your Armour skill increases to level 3!
You barely miss the frilled lizard. You closely miss the frilled lizard.
The frilled lizard barely misses you. The frilled lizard bites you.
* * * LOW HITPOINT WARNING * * *
Unknown command.
You hit the frilled lizard.
You kill the frilled lizard!
You miss the frilled lizard. The frilled lizard closely misses you.
You hit the frilled lizard but do no damage.
The frilled lizard closely misses you. The frilled lizard barely misses you.
You barely miss the frilled lizard. You block the frilled lizard's attack.
You slash the frilled lizard!
You kill the frilled lizard!
The kobold hits you but does no damage.
You miss the kobold.
The kobold is moderately wounded.
The kobold closely misses you.
You closely miss the kobold.
The kobold is moderately wounded.
The kobold hits you with a +0 short sword.
You die...

#.###.##♣P..÷..P♣#####...#.#
#.....# P.......P ##.##...
#####.....##♣...§...# #.#
.## ...........#♣~÷..... #.#
###........#♣P...÷. #.#
#........# PP...## #.#
###........# ♣P)))P♣
######.# ..........##
#K#####......# #######.###
#@......###### #######.#
######### ........#
#########


You could see a kobold.

Vanquished Creatures
  A dart slug (D:1)
  A giant cockroach (D:1)
  3 goblins (D:1)
  A hobgoblin (D:1)
  2 frilled lizards (D:1)
  5 kobolds (D:1)
  4 rats (D:1)
17 creatures vanquished.

Notes
Turn   | Place    | Note
-------+----------+-------------------------------------------
     0 | D:1      | Sabo the Demonspawn Fighter began the quest for the Orb.
     0 | D:1      | Reached XP level 1. HP: 18/18 MP: 1/1
   450 | D:1      | Gained mutation: You sometimes gain a little power by
                  | taking damage. [demonic ancestry]
   450 | D:1      | Reached XP level 2. HP: 18/24 MP: 2/2
   588 | D:1      | HP: 1/24 [frilled lizard (2)]
   594 | D:1      | Slain by a kobold

Illustrated notes

Levels and vault maps discovered:
D:1:      reono_arrival_forest_river, layout_loops_ring, minmay_liquid_box,
          lexackson_kobold_supper

Skill      XL: |  1  2 |
---------------+-------+-----
Shields        | 3 |  3.0
Axes           | 2 |  2.0
Armour         | 3 |  3.0
Fighting       | |  3.1

Action                     || total
---------------------------++-------
  Melee: War axe           ||    44
 Armour: Scale mail        ||    42
  Dodge: Dodged            ||    22
  Block: Buckler           ||     9

Table legend: (Time is in decaauts)
 A = Elapsed time spent in this place.
 B = Non-inter-level travel time spent in this place.
 C = Inter-level travel time spent in this place.
 D = Time resting spent in this place.
 E = Time spent auto-exploring this place.
 F = Levels seen in this place.
 G = Mean time per level.
                   A        B        C        D        E       F      G
               +--------+--------+--------+--------+--------+-----+--------+
         Total |    626 |    626 |      0 |     43 |      0 |   1 |  626.0 |
       Dungeon |    626 |    626 |      0 |     43 |      0 |   1 |  626.0 |
               +--------+--------+--------+--------+--------+-----+--------+

Top non-repeatable levels by time:
     D:1: 626 daAuts
